| TOP OF THE 1ST |
|
San Jose Giants batting - Pitching for Columbia Fireflies : RHP Bryan Dorne
|
|
Pitching: RHP Bryan Dorne
|
|
|
Batting: RHB Mike Zepeda
|
0-0: Ball 1-0: Ball 2-0: Called Strike 2-1: Ball 3-1: Ground out 4-3 (Groundball, 4, EV 91.2 MPH)
|
|
Batting: LHB Ryan Braden
|
0-0: Ball 1-0: Fly out, F9 (Flyball, 9LS, EV 88.1 MPH)
|
|
Batting: LHB Mike Roberts
|
0-0: Ball 1-0: Ball 2-0: Called Strike 2-1: Called Strike 2-2: Ball 3-2: Foul Ball, location: 2F 3-2: Base on Balls
|
|
Batting: RHB Guillermo Mojica
|
0-0: Ball 1-0: Swinging Strike 1-1: Called Strike 1-2: Foul Ball, location: 2F 1-2: Strikes out looking
|
| Top of the 1st over - 0 runs, 0 hits, 0 errors, 1 left on base; San Jose 0 - Columbia 0 |
| BOTTOM OF THE 1ST |
|
Columbia Fireflies batting - Pitching for San Jose Giants : LHP Drew Roemer
|
|
Pitching: LHP Drew Roemer
|
|
|
Batting: SHB Detlef Oursler
|
0-0: Ball 1-0: Ball 2-0: Foul Ball, location: 2F 2-1: Ball 3-1: Fly out, F4 (Popup, 34S, EV 44.4 MPH)
|
|
Batting: LHB Tony Leyba
|
0-0: Foul Ball, location: 2F 0-1: Ground out U3 (Groundball, 3L, EV 86.2 MPH)
|
|
Batting: LHB Bayesa Mundhir
|
0-0: Fly out, F8 (Flyball, 8LD, EV 96.9 MPH)
|
| Bottom of the 1st over - 0 runs, 0 hits, 0 errors, 0 left on base; San Jose 0 - Columbia 0 |
| TOP OF THE 2ND |
|
San Jose Giants batting - Pitching for Columbia Fireflies : RHP Bryan Dorne
|
|
Batting: SHB Mitchell Greene
|
0-0: Called Strike 0-1: Foul Ball, location: 2F 0-2: Ball 1-2: Foul Ball, location: 2F 1-2: Foul Ball, location: 2F 1-2: Fly out, F7 (Flyball, 7, EV 88.8 MPH)
|
|
Batting: LHB Steve Nevis
|
0-0: Called Strike 0-1: Ball 1-1: Swinging Strike 1-2: Fly out, F8 (Line Drive, 8LM, EV 98.8 MPH)
|
|
Batting: RHB Adam Noyes
|
0-0: Ball 1-0: Ball 2-0: Called Strike 2-1: SINGLE (Groundball, 56D, EV 98.1 MPH)
|
|
Batting: LHB Yeong-hun Joe
|
0-0: Called Strike 0-1: Ball Adam Noyes is caught stealing 2nd base 2-6
|
| Top of the 2nd over - 0 runs, 1 hit, 0 errors, 0 left on base; San Jose 0 - Columbia 0 |
| BOTTOM OF THE 2ND |
|
Columbia Fireflies batting - Pitching for San Jose Giants : LHP Drew Roemer
|
|
Batting: RHB Larry Shoop
|
0-0: Foul Ball, location: 2F 0-1: Ground out 6-3 (Groundball, 6, EV 95.0 MPH)
|
|
Batting: SHB Jerry Burrows
|
0-0: Called Strike 0-1: Ball 1-1: Fly out, F8 (Flyball, 8RD, EV 102.5 MPH)
|
|
Batting: LHB Miguel Ramos
|
0-0: Ball 1-0: Foul Ball, location: 2F 1-1: Ball 2-1: Ball 3-1: Base on Balls
|
|
Batting: LHB Zane Kelton
|
0-0: Foul Ball, location: 2F 0-1: Called Strike 0-2: SINGLE (Line Drive, 9S, EV 90.6 MPH) Miguel Ramos to second
|
|
Batting: RHB David Reyna
|
0-0: Ground out 1-3 (Groundball, 34S, EV 68.8 MPH)
|
| Bottom of the 2nd over - 0 runs, 1 hit, 0 errors, 2 left on base; San Jose 0 - Columbia 0 |
| TOP OF THE 3RD |
|
San Jose Giants batting - Pitching for Columbia Fireflies : RHP Bryan Dorne
|
|
Batting: LHB Yeong-hun Joe
|
0-0: Ball 1-0: Ball 2-0: Ball 3-0: Called Strike 3-1: Base on Balls
|
|
Batting: RHB Alex Belton
|
0-0: Fly out, F7 (Flyball, 7, EV 90.6 MPH)
|
|
Batting: RHB Mike Zepeda
|
0-0: Called Strike 0-1: Called Strike 0-2: Ball 1-2: Strikes out looking
|
|
Batting: LHB Ryan Braden
|
0-0: Foul Ball, location: 2F 0-1: Ball Yeong-hun Joe is caught stealing 2nd base 2-6
|
| Top of the 3rd over - 0 runs, 0 hits, 0 errors, 0 left on base; San Jose 0 - Columbia 0 |
| BOTTOM OF THE 3RD |
|
Columbia Fireflies batting - Pitching for San Jose Giants : LHP Drew Roemer
|
|
Batting: LHB Jamel Alexander
|
0-0: Called Strike 0-1: Ground out U3 (Groundball, 3L, EV 88.1 MPH)
|
|
Batting: SHB Detlef Oursler
|
0-0: Called Strike 0-1: Swinging Strike 0-2: Foul Ball, location: 2F 0-2: Foul Ball, location: 2F 0-2: Foul Ball, location: 2F 0-2: Ball 1-2: Strikes out swinging
|
|
Batting: LHB Tony Leyba
|
0-0: DOUBLE (Line Drive, 7LS, EV 96.9 MPH)
|
|
Batting: LHB Bayesa Mundhir
|
0-0: Fly out, F8 (Flyball, 8LXD, EV 104.4 MPH)
|
| Bottom of the 3rd over - 0 runs, 1 hit, 0 errors, 1 left on base; San Jose 0 - Columbia 0 |
| TOP OF THE 4TH |
|
San Jose Giants batting - Pitching for Columbia Fireflies : RHP Bryan Dorne
|
|
Batting: LHB Ryan Braden
|
0-0: Called Strike 0-1: Ball 1-1: Ball 2-1: Ball 3-1: Foul Ball, location: 2F 3-2: Base on Balls
|
|
Batting: LHB Mike Roberts
|
0-0: Ball 1-0: Ball 2-0: Called Strike 2-1: Swinging Strike 2-2: SINGLE (Flyball, 5D, EV 93.8 MPH) Ryan Braden to second
|
|
Batting: RHB Guillermo Mojica
|
0-0: Called Strike 0-1: Called Strike 0-2: Foul Ball, location: 2F 0-2: Ball 1-2: Ball 2-2: Strikes out swinging
|
|
Batting: SHB Mitchell Greene
|
0-0: Ball 1-0: Called Strike 1-1: Swinging Strike 1-2: Ball 2-2: Ball 3-2: Foul Ball, location: 2F 3-2: Base on Balls Ryan Braden to third Mike Roberts to second
|
|
Batting: LHB Steve Nevis
|
0-0: Ball 1-0: Swinging Strike 1-1: Ball 2-1: Foul Ball, location: 2F 2-2: Strikes out swinging
|
|
Batting: RHB Adam Noyes
|
0-0: Foul Ball, location: 2F 0-1: GRAND SLAM HOME RUN (Flyball, 7D, EV 96.2 MPH), Distance : 373 ft
|
|
Batting: LHB Yeong-hun Joe
|
0-0: Ball 1-0: Called Strike 1-1: Ground out 5-3 (Groundball, 56S, EV 68.8 MPH)
|
| Top of the 4th over - 4 runs, 2 hits, 0 errors, 0 left on base; San Jose 4 - Columbia 0 |
| BOTTOM OF THE 4TH |
|
Columbia Fireflies batting - Pitching for San Jose Giants : LHP Drew Roemer
|
|
Batting: RHB Larry Shoop
|
0-0: Called Strike 0-1: Called Strike 0-2: Ball 1-2: Ball 2-2: Strikes out swinging
|
|
Batting: SHB Jerry Burrows
|
0-0: Foul Ball, location: 2F 0-1: Foul Ball, location: 2F 0-2: Foul Ball, location: 2F 0-2: Ball 1-2: SOLO HOME RUN (Flyball, 89XD, EV 112.5 MPH), Distance : 422 ft
|
|
Batting: LHB Miguel Ramos
|
0-0: Foul Ball, location: 2F 0-1: Ground out 4-3 (Groundball, 4S, EV 91.2 MPH)
|
|
Batting: LHB Zane Kelton
|
0-0: Ball 1-0: Called Strike 1-1: Fly out, F8 (Flyball, 8RD, EV 91.9 MPH)
|
| Bottom of the 4th over - 1 run, 1 hit, 0 errors, 0 left on base; San Jose 4 - Columbia 1 |
| TOP OF THE 5TH |
|
San Jose Giants batting - Pitching for Columbia Fireflies : RHP Bryan Dorne
|
|
Batting: RHB Alex Belton
|
0-0: Called Strike 0-1: Ball 1-1: Swinging Strike 1-2: Strikes out swinging
|
|
Batting: RHB Mike Zepeda
|
0-0: Called Strike 0-1: Ball 1-1: Fly out, F6 (Popup, 6MS, EV 76.2 MPH)
|
|
Batting: LHB Ryan Braden
|
0-0: Ball 1-0: Ball 2-0: Called Strike 2-1: Foul Ball, location: 2F 2-2: Fly out, F7 (Flyball, 7D, EV 81.2 MPH)
|
| Top of the 5th over - 0 runs, 0 hits, 0 errors, 0 left on base; San Jose 4 - Columbia 1 |
| BOTTOM OF THE 5TH |
|
Columbia Fireflies batting - Pitching for San Jose Giants : LHP Drew Roemer
|
|
Batting: RHB David Reyna
|
0-0: Called Strike 0-1: Fly out, F8 (Line Drive, 8LD, EV 101.2 MPH)
|
|
Batting: LHB Jamel Alexander
|
0-0: Called Strike 0-1: Called Strike 0-2: Strikes out swinging
|
|
Batting: SHB Detlef Oursler
|
0-0: Ball 1-0: Called Strike 1-1: SINGLE (Line Drive, 34D, EV 96.2 MPH)
|
|
Batting: LHB Tony Leyba
|
0-0: Called Strike Detlef Oursler steals 2nd base 0-1: Ball 1-1: Swinging Strike 1-2: Strikes out swinging
|
| Bottom of the 5th over - 0 runs, 1 hit, 0 errors, 1 left on base; San Jose 4 - Columbia 1 |
| TOP OF THE 6TH |
|
San Jose Giants batting - Pitching for Columbia Fireflies : RHP Bryan Dorne
|
|
Batting: LHB Mike Roberts
|
0-0: Ball 1-0: Foul Ball, location: 2F 1-1: Ball 2-1: Foul Ball, location: 2F 2-2: SINGLE (Flyball, 56D, EV 89.4 MPH)
|
|
Batting: RHB Guillermo Mojica
|
0-0: Called Strike 0-1: Called Strike 0-2: Strikes out swinging
|
|
Pitching: LHP Jimmy Rush
|
|
|
Batting: SHB Mitchell Greene
|
0-0: Foul Ball, location: 2F 0-1: Ball 1-1: Ball 2-1: Fielders Choice at 2nd, 3-6 (Groundball, 3, EV 82.5 MPH)
|
|
Batting: LHB Steve Nevis
|
0-0: Ball 1-0: Called Strike Mitchell Greene steals 2nd base 1-1: Called Strike 1-2: Ball 2-2: Strikes out swinging
|
| Top of the 6th over - 0 runs, 1 hit, 0 errors, 1 left on base; San Jose 4 - Columbia 1 |
| BOTTOM OF THE 6TH |
|
Columbia Fireflies batting - Pitching for San Jose Giants : LHP Drew Roemer
|
|
Batting: LHB Bayesa Mundhir
|
0-0: Called Strike 0-1: Ball 1-1: Foul Ball, location: 2F 1-2: Ground out 4-3 (Groundball, 4, EV 82.5 MPH)
|
|
Batting: RHB Larry Shoop
|
0-0: Called Strike 0-1: Ball 1-1: Called Strike 1-2: SOLO HOME RUN (Flyball, 89XD, EV 103.8 MPH), Distance : 394 ft
|
|
Batting: SHB Jerry Burrows
|
0-0: Ball 1-0: Foul Ball, location: 2F 1-1: Foul Ball, location: 2F 1-2: Ball 2-2: Ball 3-2: Foul Ball, location: 2F 3-2: Base on Balls
|
|
Batting: LHB Miguel Ramos
|
0-0: Ball 1-0: Swinging Strike 1-1: Called Strike 1-2: Strikes out swinging
|
|
Batting: LHB Zane Kelton
|
0-0: Ball 1-0: Called Strike 1-1: Ball 2-1: Ball 3-1: Called Strike 3-2: Foul Ball, location: 2F 3-2: Ground out 4-3 (Groundball, 4, EV 80.0 MPH)
|
| Bottom of the 6th over - 1 run, 1 hit, 0 errors, 1 left on base; San Jose 4 - Columbia 2 |
| TOP OF THE 7TH |
|
San Jose Giants batting - Pitching for Columbia Fireflies : LHP Jimmy Rush
|
|
Batting: RHB Adam Noyes
|
0-0: Ball 1-0: Ball 2-0: Ball 3-0: Called Strike 3-1: Fly out, F9 (Line Drive, 9S, EV 87.5 MPH)
|
|
Batting: LHB Yeong-hun Joe
|
0-0: Called Strike 0-1: Ball 1-1: Ball 2-1: Ground out U3 (Groundball, 34S, EV 77.5 MPH)
|
|
Batting: RHB Alex Belton
|
0-0: Ball 1-0: Foul Ball, location: 2F 1-1: Ground out U3 (Groundball, 34, EV 101.2 MPH)
|
| Top of the 7th over - 0 runs, 0 hits, 0 errors, 0 left on base; San Jose 4 - Columbia 2 |
| BOTTOM OF THE 7TH |
|
Columbia Fireflies batting - Pitching for San Jose Giants : LHP Drew Roemer
|
|
Now at 2B: Alex Belton
|
|
|
Now at 3B: Jerry Massey
|
|
|
Batting: RHB David Reyna
|
0-0: Ball 1-0: Ball 2-0: Ball 3-0: Called Strike 3-1: Foul Ball, location: 2F 3-2: Ground out 4-3 (Groundball, 4, EV 81.2 MPH)
|
|
Batting: LHB Jamel Alexander
|
0-0: Ball 1-0: Ball 2-0: Foul Ball, location: 2F 2-1: Fly out, F7 (Flyball, 7S, EV 78.8 MPH)
|
|
Batting: SHB Detlef Oursler
|
0-0: Ball 1-0: Ball 2-0: Foul Ball, location: 2F 2-1: Ball 3-1: Ground out 5-3 (Groundball, 5S, EV 70.6 MPH)
|
| Bottom of the 7th over - 0 runs, 0 hits, 0 errors, 0 left on base; San Jose 4 - Columbia 2 |
| TOP OF THE 8TH |
|
San Jose Giants batting - Pitching for Columbia Fireflies : LHP Jimmy Rush
|
|
Batting: RHB Mike Zepeda
|
0-0: Called Strike 0-1: Ball 1-1: Ground out 6-3 (Groundball, 6, EV 106.2 MPH)
|
|
Batting: LHB Ryan Braden
|
0-0: Ball 1-0: Called Strike 1-1: Ball 2-1: Foul Ball, location: 2F 2-2: Ball 3-2: SINGLE (Groundball, 56D, EV 109.4 MPH)
|
|
Batting: LHB Mike Roberts
|
0-0: Called Strike 0-1: Ball 1-1: Ground out 5-3 (Groundball, 56S, EV 68.1 MPH) Ryan Braden to second
|
|
Batting: SHB Jerry Massey
|
0-0: Fly out, F9 (Flyball, 9S, EV 91.9 MPH)
|
| Top of the 8th over - 0 runs, 1 hit, 0 errors, 1 left on base; San Jose 4 - Columbia 2 |
| BOTTOM OF THE 8TH |
|
Columbia Fireflies batting - Pitching for San Jose Giants : LHP Drew Roemer
|
|
Pitching: RHP Mike Flynn
|
|
|
Batting: LHB Tony Leyba
|
0-0: Ball 1-0: Ball 2-0: Fly out, F7 (Flyball, 7D, EV 93.1 MPH)
|
|
Batting: LHB Bayesa Mundhir
|
0-0: SINGLE (Groundball, 34D, EV 104.4 MPH)
|
|
Batting: RHB Larry Shoop
|
0-0: Ball 1-0: Called Strike 1-1: Swinging Strike 1-2: Grounds into double play, U3-6 (Groundball, 3L, EV 93.1 MPH)
|
| Bottom of the 8th over - 0 runs, 1 hit, 0 errors, 0 left on base; San Jose 4 - Columbia 2 |
| TOP OF THE 9TH |
|
San Jose Giants batting - Pitching for Columbia Fireflies : LHP Jimmy Rush
|
|
Pitching: RHP Matt Bennett
|
|
|
Batting: SHB Mitchell Greene
|
0-0: Called Strike 0-1: Fly out, F8 (Flyball, 8RD, EV 108.8 MPH)
|
|
Batting: LHB Steve Nevis
|
0-0: Called Strike 0-1: Fly out, F7 (Flyball, 7, EV 81.9 MPH)
|
|
Batting: RHB Adam Noyes
|
0-0: Swinging Strike 0-1: Foul Ball, location: 2F 0-2: Strikes out swinging
|
| Top of the 9th over - 0 runs, 0 hits, 0 errors, 0 left on base; San Jose 4 - Columbia 2 |
| BOTTOM OF THE 9TH |
|
Columbia Fireflies batting - Pitching for San Jose Giants : RHP Mike Flynn
|
|
Pitching: RHP Danny MacKinnon
|
|
|
Now at 1B: Tony Mendez
|
|
|
Batting: SHB Jerry Burrows
|
0-0: Ground out 4-3 (Groundball, 4, EV 83.1 MPH)
|
|
Batting: LHB Miguel Ramos
|
0-0: Foul Ball, location: 2F 0-1: Called Strike 0-2: Fly out, F4 (Line Drive, 4, EV 62.5 MPH)
|
|
Batting: LHB Zane Kelton
|
0-0: Called Strike 0-1: Ball 1-1: Foul Ball, location: 2F 1-2: Ground out 4-3 (Groundball, 4M, EV 80.0 MPH)
|
| Bottom of the 9th over - 0 runs, 0 hits, 0 errors, 0 left on base; San Jose 4 - Columbia 2 |
|